| TOP OF THE 1ST |
|
Delmarva Shorebirds batting - Pitching for Kannapolis Intimidators : RHP Dan Lay
|
|
Pitching: RHP Dan Lay
|
|
|
Batting: LHB Pat Shaddock
|
0-0: Bunt missed! 0-1: Ball 1-1: Ball 2-1: Ball 3-1: Swinging Strike 3-2: Fly out, F7 (Flyball, 7S, EV 91.3 MPH)
|
|
Batting: RHB Francisco Viera
|
0-0: Ball 1-0: Ball 2-0: Called Strike 2-1: SINGLE (Flyball, 89S, EV 92.5 MPH)
|
|
Batting: LHB Andrew Erens
|
0-0: Ball Francisco Viera steals 2nd base 1-0: Fly out, F4 (Popup, 34D, EV 66.9 MPH)
|
|
Batting: LHB Raul Rojas
|
0-0: Ball 1-0: Ball 2-0: Ball 3-0: Ground out 6-3 (Groundball, 6, EV 83.8 MPH)
|
| Top of the 1st over - 0 runs, 1 hit, 0 errors, 1 left on base; Delmarva 0 - Kannapolis 0 |
| BOTTOM OF THE 1ST |
|
Kannapolis Intimidators batting - Pitching for Delmarva Shorebirds : RHP Gavin Nelson
|
|
Pitching: RHP Gavin Nelson
|
|
|
Batting: LHB John Thurman
|
0-0: Ball 1-0: Called Strike 1-1: Swinging Strike 1-2: Ground out 6-3 (Groundball, 6MS, EV 75.6 MPH)
|
|
Batting: LHB Alberto Carrasco
|
0-0: Called Strike 0-1: Foul Ball, location: 2F 0-2: Foul Ball, location: 2F 0-2: Ball 1-2: Ball 2-2: Strikes out swinging
|
|
Batting: LHB Dustin Taylor
|
0-0: Ball 1-0: Swinging Strike 1-1: Ball 2-1: Foul Ball, location: 2F 2-2: Foul Ball, location: 2F 2-2: Strikes out swinging
|
| Bottom of the 1st over - 0 runs, 0 hits, 0 errors, 0 left on base; Delmarva 0 - Kannapolis 0 |
| TOP OF THE 2ND |
|
Delmarva Shorebirds batting - Pitching for Kannapolis Intimidators : RHP Dan Lay
|
|
Batting: SHB Ryan Palermo
|
0-0: Ball 1-0: Swinging Strike 1-1: Fly out, F5 (Popup, 25F, EV 89.4 MPH)
|
|
Batting: RHB Dan Staggs
|
0-0: Called Strike 0-1: Ball 1-1: Called Strike 1-2: Strikes out swinging
|
|
Batting: LHB Momoru Yasui
|
0-0: Foul Ball, location: 2F 0-1: Foul Ball, location: 2F 0-2: Ball 1-2: Strikes out swinging
|
| Top of the 2nd over - 0 runs, 0 hits, 0 errors, 0 left on base; Delmarva 0 - Kannapolis 0 |
| BOTTOM OF THE 2ND |
|
Kannapolis Intimidators batting - Pitching for Delmarva Shorebirds : RHP Gavin Nelson
|
|
Batting: LHB Angel Tellez
|
0-0: Called Strike 0-1: Called Strike 0-2: Ball 1-2: Ball 2-2: SINGLE (Flyball, 7LM, EV 99.4 MPH)
|
|
Batting: RHB Jose Medina
|
0-0: Called Strike 0-1: Foul Ball, location: 2F 0-2: Ball 1-2: Ball 2-2: Fielders Choice at 2nd, 6-4 (Groundball, 6, EV 83.1 MPH)
|
|
Batting: RHB Micah Brown
|
0-0: Ball Jose Medina steals 2nd base (no throw) 1-0: Ball 2-0: Foul Ball, location: 2F 2-1: Foul Ball, location: 2F 2-2: Ground out U3 (Groundball, 3L, EV 88.1 MPH) Jose Medina to third
|
|
Batting: RHB Benny O'Connor
|
0-0: Ball 1-0: Swinging Strike 1-1: Foul Ball, location: 2F 1-2: Ball 2-2: Foul Ball, location: 2F 2-2: Foul Ball, location: 2F 2-2: Strikes out swinging
|
| Bottom of the 2nd over - 0 runs, 1 hit, 0 errors, 1 left on base; Delmarva 0 - Kannapolis 0 |
| TOP OF THE 3RD |
|
Delmarva Shorebirds batting - Pitching for Kannapolis Intimidators : RHP Dan Lay
|
|
Batting: RHB Jordan Wallace
|
0-0: Called Strike 0-1: Ball 1-1: Foul Ball, location: 2F 1-2: Ball 2-2: Ball 3-2: Fly out, F7 (Flyball, 78D, EV 84.4 MPH)
|
|
Batting: RHB Julio Ehm
|
0-0: Called Strike 0-1: Ball 1-1: Foul Ball, location: 2F 1-2: Strikes out swinging
|
|
Batting: LHB Pat Shaddock
|
0-0: Swinging Strike 0-1: Foul Ball, location: 2F 0-2: Ball 1-2: Foul Ball, location: 2F 1-2: Ball 2-2: Foul Ball, location: 2F 2-2: Ball 3-2: Ground out U3 (Groundball, 3, EV 85.6 MPH)
|
| Top of the 3rd over - 0 runs, 0 hits, 0 errors, 0 left on base; Delmarva 0 - Kannapolis 0 |
| BOTTOM OF THE 3RD |
|
Kannapolis Intimidators batting - Pitching for Delmarva Shorebirds : RHP Gavin Nelson
|
|
Batting: SHB Tadaaki Kondo
|
0-0: Swinging Strike 0-1: Swinging Strike 0-2: Ball 1-2: Strikes out swinging
|
|
Batting: RHB Ching-hsia Zhang
|
0-0: Called Strike 0-1: Ball 1-1: Ball 2-1: DOUBLE (Line Drive, 9LS, EV 91.9 MPH)
|
|
Batting: LHB John Thurman
|
0-0: Ball 1-0: SINGLE (Line Drive, 34D, EV 100.0 MPH) Ching-hsia Zhang to third
|
|
Batting: LHB Alberto Carrasco
|
0-0: Called Strike 0-1: Grounds into double play, 5-4-3 (Groundball, 56, EV 100.6 MPH)
|
| Bottom of the 3rd over - 0 runs, 2 hits, 0 errors, 1 left on base; Delmarva 0 - Kannapolis 0 |
| TOP OF THE 4TH |
|
Delmarva Shorebirds batting - Pitching for Kannapolis Intimidators : RHP Dan Lay
|
|
Batting: RHB Francisco Viera
|
0-0: Ball 1-0: Foul Ball, location: 2F 1-1: Ball 2-1: Ball 3-1: Called Strike 3-2: Ground out 4-3 (Groundball, 4, EV 86.3 MPH)
|
|
Batting: LHB Andrew Erens
|
0-0: Foul Ball, location: 2F 0-1: Ground out 1-3 (Groundball, 15, EV 63.1 MPH)
|
|
Batting: LHB Raul Rojas
|
0-0: Ball 1-0: Called Strike 1-1: Ball 2-1: Ball 3-1: Base on Balls
|
|
Batting: SHB Ryan Palermo
|
0-0: Foul Ball, location: 2F 0-1: Ball 1-1: Ball 2-1: SINGLE (Line Drive, 8LS, EV 102.5 MPH) Raul Rojas to second
|
|
Batting: RHB Dan Staggs
|
0-0: Hit by Pitch Raul Rojas to third Ryan Palermo to second
|
|
Batting: LHB Momoru Yasui
|
0-0: Called Strike 0-1: Foul Ball, location: 2F 0-2: Fly out, F9 (Flyball, 9, EV 94.4 MPH)
|
| Top of the 4th over - 0 runs, 1 hit, 0 errors, 3 left on base; Delmarva 0 - Kannapolis 0 |
| BOTTOM OF THE 4TH |
|
Kannapolis Intimidators batting - Pitching for Delmarva Shorebirds : RHP Gavin Nelson
|
|
Batting: LHB Dustin Taylor
|
0-0: Foul Ball, location: 2F 0-1: Swinging Strike 0-2: Ball 1-2: SINGLE (Groundball, 15S, EV 70.6 MPH) (infield hit)
|
|
Batting: LHB Angel Tellez
|
0-0: Ball 1-0: Ball 2-0: Called Strike 2-1: Ball 3-1: Base on Balls Dustin Taylor to second
|
|
Batting: RHB Jose Medina
|
0-0: Ball 1-0: Foul Ball, location: 2F 1-1: Swinging Strike 1-2: Fielders Choice at 2nd, 3-6 (Groundball, 34S, EV 85.6 MPH) Dustin Taylor to third
|
|
Batting: RHB Micah Brown
|
0-0: Called Strike 0-1: Called Strike 0-2: Ball 1-2: 3-RUN HOME RUN (Flyball, 9D, EV 90.0 MPH), Distance : 342 ft
|
|
Batting: RHB Benny O'Connor
|
0-0: Foul Ball, location: 2F 0-1: Ball 1-1: Foul Ball, location: 2F 1-2: Ball 2-2: Foul Ball, location: 2F 2-2: Strikes out swinging
|
|
Batting: SHB Tadaaki Kondo
|
0-0: Called Strike 0-1: Called Strike 0-2: Ball 1-2: Foul Ball, location: 2F 1-2: Strikes out swinging
|
| Bottom of the 4th over - 3 runs, 2 hits, 0 errors, 0 left on base; Delmarva 0 - Kannapolis 3 |
| TOP OF THE 5TH |
|
Delmarva Shorebirds batting - Pitching for Kannapolis Intimidators : RHP Dan Lay
|
|
Batting: RHB Jordan Wallace
|
0-0: Ball 1-0: Ball 2-0: Hit by Pitch
|
|
Batting: RHB Julio Ehm
|
0-0: Ball 1-0: Fly out, F8 (Line Drive, 8LD, EV 86.3 MPH)
|
|
Batting: LHB Pat Shaddock
|
0-0: Ball 1-0: Ball 2-0: Fly out, F9 (Flyball, 89XD, EV 103.1 MPH)
|
|
Batting: RHB Francisco Viera
|
0-0: Ball Jordan Wallace is caught stealing 2nd base 2-4
|
| Top of the 5th over - 0 runs, 0 hits, 0 errors, 0 left on base; Delmarva 0 - Kannapolis 3 |
| BOTTOM OF THE 5TH |
|
Kannapolis Intimidators batting - Pitching for Delmarva Shorebirds : RHP Gavin Nelson
|
|
Batting: RHB Ching-hsia Zhang
|
0-0: Called Strike 0-1: Ball 1-1: Ball 2-1: Ball 3-1: Called Strike 3-2: SINGLE (Groundball, 4D, EV 94.4 MPH)
|
|
Pitching: LHP John Dyer
|
|
|
Batting: LHB John Thurman
|
0-0: Ball 1-0: Called Strike 1-1: Foul Ball, location: 2F 1-2: Ball 2-2: Foul Ball, location: 2F 2-2: Strikes out swinging
|
|
Batting: LHB Alberto Carrasco
|
0-0: Called Strike 0-1: Ground out U3 (Groundball, 3, EV 83.8 MPH) Ching-hsia Zhang to second
|
|
Batting: LHB Dustin Taylor
|
0-0: Called Strike 0-1: Swinging Strike 0-2: Foul Ball, location: 2F 0-2: Strikes out looking
|
| Bottom of the 5th over - 0 runs, 1 hit, 0 errors, 1 left on base; Delmarva 0 - Kannapolis 3 |
| TOP OF THE 6TH |
|
Delmarva Shorebirds batting - Pitching for Kannapolis Intimidators : RHP Dan Lay
|
|
Batting: RHB Francisco Viera
|
0-0: Foul Ball, location: 2F 0-1: Ball 1-1: DOUBLE (Flyball, 8RXD, EV 106.3 MPH)
|
|
Batting: LHB Andrew Erens
|
0-0: Ground out 1-3 (Groundball, 23, EV 69.4 MPH) Francisco Viera to third
|
|
Batting: LHB Raul Rojas
|
0-0: Called Strike 0-1: Swinging Strike 0-2: Foul Ball, location: 2F 0-2: Foul Ball, location: 2F 0-2: Foul Ball, location: 2F 0-2: Strikes out swinging
|
|
Batting: SHB Ryan Palermo
|
0-0: Called Strike 0-1: Ball 1-1: Foul Ball, location: 2F 1-2: Strikes out swinging
|
| Top of the 6th over - 0 runs, 1 hit, 0 errors, 1 left on base; Delmarva 0 - Kannapolis 3 |
| BOTTOM OF THE 6TH |
|
Kannapolis Intimidators batting - Pitching for Delmarva Shorebirds : LHP John Dyer
|
|
Batting: LHB Angel Tellez
|
0-0: Ball 1-0: Foul Ball, location: 2F 1-1: Foul Ball, location: 2F 1-2: Ball 2-2: Ball 3-2: Ground out 4-3 (Groundball, 4, EV 83.8 MPH)
|
|
Batting: RHB Jose Medina
|
0-0: Called Strike 0-1: Swinging Strike 0-2: Ball 1-2: SINGLE (Line Drive, 6M, EV 93.8 MPH)
|
|
Batting: RHB Micah Brown
|
0-0: Called Strike Jose Medina steals 2nd base 0-1: Ball 1-1: Swinging Strike 1-2: Strikes out swinging, 2-3 out at first.
|
|
Batting: RHB Benny O'Connor
|
0-0: SINGLE (Flyball, 89S, EV 90.0 MPH) Jose Medina to third Runner from 3rd tries for Home, SAFE, throw by RF to home
|
|
Batting: SHB Tadaaki Kondo
|
0-0: Fly out, F4 (Line Drive, 4, EV 63.8 MPH)
|
| Bottom of the 6th over - 1 run, 2 hits, 0 errors, 1 left on base; Delmarva 0 - Kannapolis 4 |
| TOP OF THE 7TH |
|
Delmarva Shorebirds batting - Pitching for Kannapolis Intimidators : RHP Dan Lay
|
|
Batting: RHB Dan Staggs
|
0-0: Ball 1-0: Reached on error, E1 (Groundball, 15, EV 73.8 MPH)
|
|
Batting: LHB Momoru Yasui
|
0-0: Bunt missed! 0-1: Sac Bunt to 2L - play at first, batter OUT! 2-4 Dan Staggs to third
|
|
Batting: RHB Jordan Wallace
|
0-0: Foul Ball, location: 2F 0-1: Ground out 6-3 (Groundball, 6, EV 108.1 MPH) Dan Staggs scores
|
|
Batting: RHB Julio Ehm
|
0-0: Ball 1-0: Ball 2-0: Ball 3-0: Base on Balls
|
|
Pitching: LHP Nick Egner
|
|
|
Batting: LHB Pat Shaddock
|
0-0: Ball 1-0: Ball 2-0: Ball 3-0: Called Strike 3-1: Foul Ball, location: 2F 3-2: Foul Ball, location: 2F 3-2: SINGLE (Groundball, 3D, EV 100.0 MPH) Julio Ehm to second Julio Ehm to third
|
|
Pitching: LHP Donald Brannon
|
|
|
Batting: RHB Francisco Viera
|
0-0: Called Strike 0-1: Ball 1-1: Swinging Strike 1-2: Strikes out swinging
|
| Top of the 7th over - 1 run, 1 hit, 1 error, 2 left on base; Delmarva 1 - Kannapolis 4 |
| BOTTOM OF THE 7TH |
|
Kannapolis Intimidators batting - Pitching for Delmarva Shorebirds : LHP John Dyer
|
|
Pitching: RHP Toshiyuki Funaki
|
|
|
Batting: RHB Ching-hsia Zhang
|
0-0: Ball 1-0: Ball 2-0: Called Strike 2-1: Ball 3-1: Called Strike 3-2: Base on Balls
|
|
Batting: LHB John Thurman
|
0-0: Ball Ching-hsia Zhang steals 2nd base 1-0: Called Strike 1-1: SINGLE (Groundball, 6D, EV 100.0 MPH) Ching-hsia Zhang to third
|
|
Batting: LHB Alberto Carrasco
|
0-0: Ball John Thurman steals 2nd base 1-0: Foul Ball, location: 2F 1-1: Foul Ball, location: 2F 1-2: Foul Ball, location: 2F 1-2: Foul Ball, location: 2F 1-2: Ball 2-2: SINGLE (Groundball, 4MD, EV 98.1 MPH) Ching-hsia Zhang scores John Thurman to third Runner from 3rd tries for Home, SAFE, throw by CF to home Alberto Carrasco to second
|
|
Batting: LHB Dustin Taylor
|
0-0: Foul Ball, location: 2F 0-1: Ball 1-1: Ball 2-1: Foul Ball, location: 2F 2-2: Foul Ball, location: 2F 2-2: Ball 3-2: Foul Ball, location: 2F 3-2: Foul Ball, location: 2F 3-2: Ground out 6-3 (Groundball, 6, EV 96.3 MPH)
|
|
Batting: LHB Angel Tellez
|
0-0: Ball Alberto Carrasco steals 3rd base 1-0: Fly out, F8 (Flyball, 78D, EV 98.8 MPH) Runner from 3rd tags up, SCORES, throw by CF
|
|
Batting: RHB Jose Medina
|
0-0: Ground out 6-3 (Groundball, 6, EV 86.9 MPH)
|
| Bottom of the 7th over - 3 runs, 2 hits, 0 errors, 0 left on base; Delmarva 1 - Kannapolis 7 |
| TOP OF THE 8TH |
|
Delmarva Shorebirds batting - Pitching for Kannapolis Intimidators : LHP Donald Brannon
|
|
Batting: LHB Andrew Erens
|
0-0: Swinging Strike 0-1: Ball 1-1: Called Strike 1-2: Strikes out swinging
|
|
Batting: LHB Raul Rojas
|
0-0: Fly out, F8 (Flyball, 8LM, EV 88.8 MPH)
|
|
Batting: SHB Ryan Palermo
|
0-0: Foul Ball, location: 2F 0-1: Ball 1-1: Swinging Strike 1-2: Strikes out looking
|
| Top of the 8th over - 0 runs, 0 hits, 0 errors, 0 left on base; Delmarva 1 - Kannapolis 7 |
| BOTTOM OF THE 8TH |
|
Kannapolis Intimidators batting - Pitching for Delmarva Shorebirds : RHP Toshiyuki Funaki
|
|
Pitching: LHP Eric Bice
|
|
|
Batting: RHB Micah Brown
|
0-0: Foul Ball, location: 2F 0-1: Ball 1-1: Ball 2-1: Ground out 5-3 (Groundball, 56, EV 100.0 MPH)
|
|
Batting: RHB Benny O'Connor
|
0-0: Ball 1-0: Ball 2-0: Foul Ball, location: 2F 2-1: Foul Ball, location: 2F 2-2: SOLO HOME RUN (Flyball, 7D, EV 95.0 MPH), Distance : 358 ft
|
|
Batting: SHB Tadaaki Kondo
|
0-0: Ball 1-0: Fly out, F8 (Flyball, 8LD, EV 76.9 MPH)
|
|
Batting: RHB Ching-hsia Zhang
|
0-0: Ball 1-0: Ball 2-0: Called Strike 2-1: Ground out U3 (Groundball, 34, EV 76.9 MPH)
|
| Bottom of the 8th over - 1 run, 1 hit, 0 errors, 0 left on base; Delmarva 1 - Kannapolis 8 |
| TOP OF THE 9TH |
|
Delmarva Shorebirds batting - Pitching for Kannapolis Intimidators : LHP Donald Brannon
|
|
Batting: RHB Dan Staggs
|
0-0: Ball 1-0: Called Strike 1-1: Ball 2-1: Foul Ball, location: 2F 2-2: SOLO HOME RUN (Flyball, 9D, EV 96.9 MPH), Distance : 363 ft
|
|
Batting: LHB Momoru Yasui
|
0-0: Ball 1-0: Fly out, F9 (Flyball, 89M, EV 75.6 MPH)
|
|
Batting: RHB Jordan Wallace
|
0-0: Foul Ball, location: 2F 0-1: Ball 1-1: Ball 2-1: SINGLE (Groundball, 34D, EV 105.6 MPH)
|
|
Batting: RHB Julio Ehm
|
0-0: Ball 1-0: Called Strike 1-1: Foul Ball, location: 2F 1-2: Grounds into double play, 6-4-3 (Groundball, 6, EV 83.1 MPH)
|
| Top of the 9th over - 1 run, 2 hits, 0 errors, 0 left on base; Delmarva 2 - Kannapolis 8 |
|